Map: Jagannatha LE

Players

PiLiPiLi

  • Race: Protoss Protoss
  • League: Grandmaster
  • Spawn Location: 1:00

Vindicta - Winner!

  • Race: Terran Terran
  • League: Master
  • Spawn Location: 7:00

Event: DreamHack SC2 Masters 2020 Winter

VOD

Have the link to the VOD?

Description

Time

  • Played on: Oct. 30, 2020, 4:10 p.m.
  • Length: 14:20

All games in this series

Show
View Real Time Build Order
Export as new Build Order

PiLiPiLi Protoss 

Build Orders: 1 Gate Expand, Blink Stalkers, Chargelot Immortal 

Get SALT Encoding   

  12  0:00  Probe  
  13  0:12  Probe  
  14  0:17  Pylon  
  14  0:24  Probe (Chrono Boost)  
  15  0:37  Probe (Chrono Boost), Gateway  
  16  0:45  Probe (Chrono Boost)  
  16  0:47  Assimilator  
  17  0:51  Probe  
  18  1:03  Probe  
  19  1:19  Nexus  
  19  1:30  Cybernetics Core  
  19  1:33  Probe  
  19  1:38  Assimilator  
  20  1:45  Probe  
  21  1:49  Pylon  
  21  1:57  Probe  
  22  2:04  Stalker (Chrono Boost), Warp Gate (Chrono Boost)  
  24  2:09  Probe  
  25  2:21  Probe  
  26  2:24  Stalker (Chrono Boost)  
  28  2:33  Probe x2, Shield Battery  
  30  2:40  Twilight Council  
  30  2:45  Probe x2  
  32  2:57  Probe  
  33  3:01  Gateway  
  33  3:03  Probe  
  34  3:08  Blink (Chrono Boost)  
  34  3:10  Robotics Facility  
  34  3:13  Probe  
  34  3:18  Probe  
  36  3:25  Probe  
  37  3:27  Gateway  
  37  3:31  Probe  
  38  3:36  Pylon  
  38  3:38  Probe  
  39  3:45  Stalker  
  41  3:50  Probe  
  41  3:53  Gateway  
  41  3:55  Pylon  
  42  3:58  Stalker  
  42  4:02  Probe  
  39  4:16  Stalker  
  39  4:18  Probe  
  39  4:19  Probe  
  41  4:24  Stalker  
  41  4:27  Observer  
  41  4:30  Probe  
  41  4:31  Pylon  
  45  4:32  Probe  
  46  4:40  Stalker  
  46  4:43  Probe  
  46  4:44  Probe  
  46  4:45  Assimilator  
  50  4:51  Observer  
  51  4:55  Probe  
  51  4:56  Probe, Shield Battery  
  53  5:03  Stalker x2  
  57  5:08  Probe  
  57  5:09  Pylon  
  57  5:14  Probe, Stalker  
  61  5:22  Observer  
  61  5:32  Nexus  
  61  5:33  Probe  
  61  5:34  Probe  
  63  5:36  Observer  
  63  5:38  Pylon  
  64  5:47  Probe  
  65  5:50  Charge, Forge  
  65  6:11  Probe  
  65  6:12  Probe  
  65  6:14  Protoss Ground Armor Level 1 (Chrono Boost)  
  65  6:17  Immortal (Chrono Boost)  
  67  6:19  Sentry x2  
  67  6:23  Probe  
  67  6:24  Probe  
  77  6:30  Gateway  
  77  6:33  Shield Battery, Gateway  
  77  6:35  Probe (Chrono Boost)  
  77  6:36  Probe (Chrono Boost)  
  77  6:37  Gateway  
  77  6:38  Gateway  
  79  6:46  Immortal (Chrono Boost)  
  80  6:47  Probe (Chrono Boost)  
  80  6:50  Probe (Chrono Boost)  
  80  6:52  Probe (Chrono Boost)  
  80  6:53  Probe (Chrono Boost)  
  87  6:57  Probe  
  88  7:02  Probe  
  88  7:04  Probe, Sentry x2  
  94  7:09  Probe  
  94  7:10  Pylon  
  94  7:13  Pylon  
  94  7:14  Zealot  
  94  7:15  Zealot  
  99  7:17  Probe  
  100  7:25  Pylon  
  100  7:28  Pylon  
  100  7:29  Immortal (Chrono Boost)  
  104  7:30  Observer  
  104  7:32  Zealot x2  
  104  7:34  Pylon  
  108  7:44  Dark Shrine  
  108  7:46  Stalker, Zealot  
  108  7:49  Pylon  
  112  7:56  Zealot  
  112  7:57  Zealot x3  
  120  8:01  Protoss Ground Weapons Level 1  
  120  8:02  Observer  
  120  8:04  Warp Prism (Chrono Boost), Pylon  
  122  8:07  Zealot  
  122  8:09  Zealot  
  126  8:16  Sentry, Zealot x2, Photon Cannon  
  126  8:19  Zealot  
  134  8:21  Pylon  
  134  8:23  Colossus (Chrono Boost)  
  134  8:39  Zealot  
  134  8:40  Zealot x7  
  150  8:43  Zealot x4  
  150  8:52  Immortal (Chrono Boost)  
  153  8:57  Pylon  
  153  9:04  Zealot x3  
  153  9:05  Zealot x3  
  161  9:23  Stalker x2  
  143  9:27  Zealot x6  
  154  9:33  Observer  
  110  9:46  Stalker  
  110  9:47  Stalker, Zealot x2  
  110  9:48  Stalker, Zealot x3  
  98  10:11  Zealot  
  98  10:12  Zealot x7  
  110  10:19  Immortal  
  114  10:29  Sentry x3  
  114  10:33  Zealot x5  
  130  10:45  Protoss Ground Armor Level 2 (Chrono Boost)  
  130  10:47  Zealot x3  
  136  10:53  Templar Archives  
  136  10:55  Zealot  
  136  10:56  Zealot x2  
  142  10:59  Robotics Bay  
  140  11:13  Zealot x5  
  150  11:25  Zealot x3  
  156  11:36  Zealot x5  
  122  11:49  Zealot x3  
  82  11:58  Colossus (Chrono Boost)  
  69  12:10  Stalker x7  
  83  12:15  Assimilator  
  83  12:20  Assimilator  
  83  12:22  Assimilator  
  83  12:29  Extended Thermal Lance (Chrono Boost)  
  82  12:39  Dark Templar  
  82  12:40  Colossus (Chrono Boost)  
  82  12:43  Zealot  
  85  13:06  Stalker  
  85  13:07  Stalker x2  
  85  13:08  Stalker x2  
  90  13:16  Probe x2  
  92  13:20  Stalker x3  
  96  13:32  Stalker  
  73  13:35  Stalker x2  
  73  13:39  Stalker x2  
  71  13:43  Dark Templar  
  71  13:44  Stalker  
  71  13:48  Stalker  
  75  14:13  Stalker  
Show
View Real Time Build Order
Export as new Build Order

Vindicta Terran - Winner!

Build Orders: 1/1/1 

Get SALT Encoding   

  12  0:00  SCV  
  13  0:12  SCV  
  14  0:17  Supply Depot  
  14  0:24  SCV  
  15  0:28  Refinery  
  15  0:38  SCV  
  16  0:47  Barracks  
  16  0:50  SCV  
  17  1:02  SCV  
  18  1:14  SCV  
  19  1:34  Orbital Command, Marine  
  19  1:36  Factory  
  20  1:45  Supply Depot  
  20  1:58  Barracks Reactor  
  20  2:00  SCV  
  21  2:12  SCV  
  22  2:24  SCV, Starport  
  23  2:38  Hellion x2  
  23  2:39  Command Center  
  23  2:44  Supply Depot  
  27  2:46  SCV  
  27  2:48  Marine  
  29  2:57  Bunker  
  29  3:04  Hellion  
  31  3:06  Hellion  
  28  3:12  Medivac  
  33  3:14  SCV  
  36  3:20  Supply Depot  
  36  3:23  Barracks Tech Lab  
  36  3:27  SCV  
  37  3:30  Hellion  
  39  3:42  SCV  
  39  3:43  Refinery  
  42  3:51  Orbital Command  
  42  3:54  SCV  
  41  4:03  Marine  
  41  4:04  Marine  
  41  4:06  SCV  
  38  4:19  Siege Tank  
  38  4:20  SCV x2  
  38  4:23  Bunker  
  41  4:24  Marine  
  41  4:25  Marine  
  41  4:27  Supply Depot  
  43  4:33  Supply Depot  
  43  4:34  SCV  
  43  4:35  SCV  
  45  4:44  Barracks  
  45  4:45  Marine  
  46  4:50  SCV x2  
  46  4:51  Siege Tank  
  51  5:02  SCV  
  51  5:04  SCV  
  53  5:07  Starport Tech Lab, Barracks  
  53  5:09  Marine x2  
  55  5:14  SCV  
  55  5:16  SCV  
  55  5:22  Refinery  
  55  5:24  Engineering Bay  
  55  5:26  SCV  
  55  5:28  SCV  
  57  5:36  Siege Tank  
  57  5:37  Starport Reactor  
  57  5:39  SCV  
  57  5:40  SCV  
  61  5:42  Stimpack  
  61  5:43  Marauder  
  61  5:44  Marine  
  61  5:45  Marine  
  65  5:51  SCV, Terran Infantry Weapons Level 1  
  65  5:52  SCV, Refinery  
  67  5:58  Barracks Tech Lab  
  67  6:02  Marine  
  67  6:03  SCV  
  68  6:04  SCV  
  68  6:09  Siege Tank  
  71  6:15  SCV  
  71  6:17  Marine  
  74  6:18  SCV  
  74  6:23  Refinery  
  74  6:26  Supply Depot, Combat Shield  
  74  6:27  Supply Depot  
  74  6:29  Marauder  
  77  6:35  Marauder  
  78  6:47  Medivac, Marine x2  
  78  6:52  Medivac, Command Center  
  78  6:54  Marine  
  84  6:56  Marine  
  86  7:05  Supply Depot x2, Marine  
  86  7:06  Marine  
  88  7:10  SCV x2  
  88  7:14  Marauder  
  88  7:15  Factory Reactor  
  92  7:20  Barracks x2  
  94  7:22  Factory Reactor  
  94  7:26  Viking, Liberator  
  98  7:34  Supply Depot, Marauder  
  99  7:39  Concussive Shells, Missile Turret  
  99  7:44  Marauder  
  101  7:45  Terran Infantry Armor Level 1  
  101  7:47  SCV  
  101  7:49  SCV  
  105  7:58  Marauder  
  105  8:00  Widow Mine x2  
  109  8:06  Orbital Command  
  109  8:07  Barracks Reactor  
  109  8:08  Marauder  
  109  8:09  Marauder  
  113  8:13  Liberator  
  113  8:18  SCV x2  
  113  8:19  Marauder  
  120  8:21  Widow Mine x2  
  124  8:28  Marine  
  124  8:31  Ghost Academy  
  125  8:35  SCV  
  125  8:39  Orbital Command  
  125  8:40  Marine  
  125  8:41  Marauder  
  129  8:43  Widow Mine, Marine  
  129  8:46  SCV  
  129  8:47  Missile Turret  
  133  8:56  Supply Depot  
  133  9:06  Enhanced Shockwaves  
  133  9:09  SCV x2, Ghost, Refinery, Marine  
  138  9:13  Ghost  
  136  9:19  Ghost  
  136  9:22  SCV  
  136  9:24  Viking  
  136  9:27  Marine  
  136  9:31  Marine  
  140  9:36  Orbital Command  
  137  9:38  Marauder  
  137  9:43  Marauder  
  108  9:47  SCV x2  
  108  9:48  Ghost  
  112  9:59  SCV, Ghost  
  109  10:04  Marauder  
  102  10:08  Marine  
  102  10:09  Marine x2  
  102  10:12  Marine  
  103  10:18  Orbital Command  
  109  10:21  Widow Mine  
  109  10:22  Widow Mine  
  109  10:25  SCV  
  109  10:26  Marine  
  109  10:27  Marine  
  115  10:31  Marine  
  115  10:33  Marine  
  115  10:34  Marauder x2  
  118  10:44  Medivac x2, Marine  
  118  10:45  Marine  
  121  10:50  Engineering Bay  
  121  10:51  SCV  
  121  10:52  Marine  
  121  10:53  Marine  
  124  10:57  Widow Mine  
  124  10:58  Marine  
  127  11:04  Marine  
  127  11:05  Marine  
  127  11:10  SCV  
  131  11:16  Marine  
  131  11:17  SCV  
  135  11:18  Marine  
  135  11:20  Widow Mine x2  
  135  11:24  Liberator  
  140  11:27  Liberator  
  115  11:49  SCV  
  91  11:54  Orbital Command, Marine  
  91  11:55  Marauder  
  91  11:56  Marauder, Marine  
  91  12:01  SCV  
  93  12:02  SCV  
  93  12:07  Medivac  
  93  12:08  Marine  
  90  12:10  Medivac  
  90  12:12  Marine  
  90  12:13  SCV  
  90  12:14  SCV  
  95  12:22  Widow Mine x2  
  99  12:25  Marine  
  99  12:27  Marine  
  99  12:29  Marauder, Marine  
  104  12:33  Marine  
  104  12:34  Marauder  
  108  12:43  Widow Mine, Sensor Tower, Marine  
  111  12:46  Marine  
  111  12:48  SCV x2  
  113  12:55  Marauder, Marine x3  
  113  12:56  Medivac  
  119  12:59  SCV  
  119  13:00  Medivac  
  119  13:02  Ghost  
  119  13:04  Marine x2  
  123  13:10  Widow Mine  
  124  13:12  Marine x2  
  124  13:13  Marauder  
  124  13:14  SCV  
  127  13:25  Missile Turret  
  114  13:40  Marauder  
  107  13:42  Marauder x2, Refinery, Marine x4  
  107  13:43  Refinery  
  107  13:45  Viking, Command Center  
  117  13:50  Widow Mine  
  119  13:58  Armory  
  119  14:00  SCV, Marine  
  119  14:01  SCV, Engineering Bay  
Tags
 
Add a new tag
Caveats
  • Supply blocks, unpowered buildings, or Contaminate may cause inaccurate times.
  • Supply counts are checked every 10 seconds.